Cogmind - Beta 13 @@@ ROGUE MODE // 2024.03.26 @ 10:54:37 Player: Dosh Result: Destroyed by TJ-9Z1(R) with Subdweller Laser Performance ------------- Evolutions (0) 0 Regions Visited (2) 400 Robots Destroyed (47) 235 Value Destroyed (1322) 1322 Prototype IDs (0) 0 Alien Tech Used (0) 0 Bonus (0) 0 TOTAL SCORE: 1957 Bonus ------- None Cogmind --------- Core Integrity 0/250 Matter 152/300 Energy 98/100 System Corruption 0% Temperature Cool (6) Movement Treading (160) Location -10/Subcaves Parts ------- > --- POWER (1) -------- (None) > --- PROPULSION (2) --- Light Treads > --- UTILITY (2) ------ (None) > --- WEAPON (2) ------- Light Assault Rifle > --- INVENTORY (5) ---- Improved Terrain Scanner Subdweller Machine Gun Grenade Launcher Enhanced Flamer Mace Peak State ------------ > --- POWER ------------ Subdweller Power Source > --- PROPULSION ------- Light Treads Light Treads > --- UTILITY ---------- Scrap Shield > --- WEAPON ----------- Battle Rifle Subdweller Machine Gun > --- INVENTORY -------- Light Treads Improved Terrain Scanner Light Assault Rifle Grenade Launcher Mace [Rating: 12] Favorites ----------- Power Light Ion Engine Engine Light Ion Engine Propulsion Light Treads Treads Light Treads Utility Scrap Shield Storage Large Storage Unit Processor Targeting Computer Protection Scrap Shield Weapon Assault Rifle Energy Gun EM Pulse Gun Ballistic Gun Assault Rifle Ballistic Cannon Battle Cannon Launcher Grenade Launcher Impact Weapon Mace Build | -11 -10 -10 ------- Run | Yrd Mat Sub Slots Evolved . | . . . Power . | . . . Propulsion . | . . . Utility . | . . . Weapon . | . . . Parts Attached 35 | 6 8 21 Power 4 | 1 1 2 Engine 4 | 1 1 2 Core . | . . . Reactor . | . . . Propulsion 6 | 2 3 1 Treads 6 | 2 3 1 Leg . | . . . Wheel . | . . . Hover . | . . . Flight . | . . . Utility 5 | 1 2 2 Device . | . . . Storage 2 | 1 1 . Processor 1 | . 1 . Hackware . | . . . Protection 2 | . . 2 Artifact . | . . . Weapon 20 | 2 2 16 Energy Gun 1 | 1 . . Energy Cannon . | . . . Ballistic Gun 12 | 1 2 9 Ballistic Cannon 2 | . . 2 Launcher 2 | . . 2 Special Weapon . | . . . Impact Weapon 3 | . . 3 Slashing Weapon . | . . . Piercing Weapon . | . . . Special Melee Weapon . | . . . Unidentified Prototypes . | . . . Parts Lost 8 | . 1 7 Power 2 | . . 2 Propulsion 2 | . . 2 Utility 1 | . . 1 Weapon 3 | . 1 2 Highest Loss Streak 3 | . 1 3 To Critical Strikes . | . . . Average Slot Usage (%) 88 | . 99 80 Engine 11 | . 14 8 Treads 27 | . 27 27 Storage 6 | . 14 . Processor 6 | . 13 . Protection 7 | . . 13 Energy Gun 1 | . 2 . Ballistic Gun 23 | . 25 21 Ballistic Cannon 2 | . . 4 Naked Turns . | . . . Heaviest Build 29 | 13 29 29 Greatest Support 40 | 40 40 40 Greatest Overweight (x) 1 | . . 1 Average Overweight (x) . | . . . Largest Inventory Capacity 15 | 8 15 15 Average Capacity 9 | 7 14 5 Most Carried 13 | 4 12 13 Average Carried 7 | 1 10 5 Final Capacity 15 | 8 15 5 Final Carried 12 | 4 12 5 Class Distribution -------------------- 97% | Mutant Dominant Class ---------------- Mutant | -10/Materials Mutant | -10/Subcaves Resources | -11 -10 -10 ----------- Run | Yrd Mat Sub Matter Collected 1245 | 217 446 582 Remotely . | . . . Salvage Created 1342 | 53 668 621 Parts 112 | 8 50 54 Haulers Intercepted 2 | . 2 . Recyclers Shooed 1 | . 1 . Parts Field Recycled . | . . . Retrieved Matter . | . . . Parts Self-Destructed 10 | . . 10 Prevented . | . . . Kills | -11 -10 -10 ------- Run | Yrd Mat Sub Combat Hostiles Destroyed 36 | . 14 22 Guns 26 | . 13 13 Cannons 5 | . . 5 AOE 5 | . 1 4 Classes Destroyed 10 | 1 6 3 Builder 1 | . 1 . Tunneler 2 | 2 . . Hauler 2 | . 2 . Operator 1 | . 1 . Turret 2 | . . 2 Watcher 3 | . 3 . Swarmer 8 | . 3 5 Grunt 11 | . 11 . Sentry 1 | . . 1 Subdweller 16 | . . 16 Best Kill Streak 5 | 2 5 3 Combat Bots Only 5 | . 5 3 Max Kills in Single Turn 3 | 1 2 3 Gunslinging . | . . . Exploded 3 | . 1 3 Melee . | . . . Uniques/NPCs Destroyed . | . . . Combat | -11 -10 -10 -------- Run | Yrd Mat Sub Hostile Shots Fired 168 | . 59 109 Missed 42 | . 20 22 Damage Taken 2173 | . 475 1698 Core 256 | . 49 207 Absorbed by Shields . | . . . Regen/Repaired (Parts) 210 | . 210 . Core Remaining (%) 100 | 100 . . Volleys Fired 143 | 6 64 73 Largest 2 | 2 2 2 Hottest 69 | 60 60 69 Shots Fired 267 | 12 126 129 Gun 222 | 12 126 84 Cannon 25 | . . 25 Launcher 20 | . . 20 Special . | . . . Kinetic 229 | 6 114 109 Thermal . | . . . Explosive 20 | . . 20 Electromagnetic 18 | 6 12 . Robot Hit Streak 23 | 5 19 23 Robot Miss Streak 5 | 2 5 2 Penetration Max . | . . . Secondary Targets 2 | . 1 1 Max Gunslinging Chain 1 | . 1 1 Shots Hit Robots 173 | 7 75 91 Core Hits 77 | 3 30 44 Critical Kills 1 | . 1 . Critical Parts Destroyed 2 | . 1 1 Critical Strikes 5 | . 2 3 Destroy 3 | . 2 1 Blast 2 | . . 2 Melee Attacks 8 | . . 8 Impact 8 | . . 8 Slashing . | . . . Piercing . | . . . Sneak Attacks . | . . . Combat Hostiles . | . . . Follow-up Attacks . | . . . Damage Inflicted 3215 | 65 1083 2067 Guns 2078 | 63 968 1047 Cannons 302 | . . 302 Explosions 801 | . 83 718 Melee . | . . . Ramming 34 | 2 32 . Kinetic 2230 | 24 857 1349 Thermal 83 | . 83 . Explosive 718 | . . 718 Electromagnetic 150 | 39 111 . Impact . | . . . Slashing . | . . . Piercing . | . . . Highest Corruption . | . . . Average Corruption . | . . . Corruption Purged . | . . . Corruption Blocked . | . . . Overload Shots . | . . . Overflow Damage 13 | . . 13 Projectiles . | . . . Explosions 13 | . . 13 Melee . | . . . Knockbacks 2 | . . 2 Impact . | . . . Kinetic 2 | . . 2 Secondary . | . . . Self-Inflicted Damage 55 | . . 55 Shots 4 | . . 4 Rammed 7 | 1 6 . Targets Rammed 7 | 1 6 . Kicked . | . . . Crushed . | . . . Highest Temperature 72 | 40 72 . Average Temperature 26 | 17 29 . Received Heat Transfer 663 | . 291 372 Siege Activations . | . . . Robots Corrupted . | . . . Combat Hostiles . | . . . Parts Fried . | . . . Impact Corruptions . | . . . Robots Melted . | . . . Combat Hostiles . | . . . Parts Melted . | . . . Heat Transferred 50 | . 50 . Parts Sabotaged . | . . . Parts Stolen . | . . . Parts Stripped . | . . . Power Chain Reactions 1 | . 1 . Alert | -11 -10 -10 ------- Run | Yrd Mat Sub Peak Influence 282 | 10 282 . Initial 6 | . 6 . Average 125 | 2 130 . Maximum Alert Level 1 | . 1 . Low Security (%) 75 | 100 74 . Level 1 24 | . 25 . Level 2 . | . . . Level 3 . | . . . Level 4 . | . . . Level 5 . | . . . High Security . | . . . Max Security . | . . . Squads Dispatched 6 | . 6 . Investigation 5 | . 5 . Extermination . | . . . Reinforcement 1 | . 1 . Assault . | . . . Garrison . | . . . Intercept . | . . . Searches Triggered . | . . . Construction Impeded . | . . . Haulers Reinforced . | . . . Active Scanning Responses . | . . . Cargo Convoy Interrupts . | . . . Stealth | -11 -10 -10 --------- Run | Yrd Mat Sub Distress Signals 2 | . 2 . Communications Jammed . | . . . Distress Signals . | . . . Times Spotted 55 | . 26 29 Peak Tracking Total 6 | . 6 4 Tactical Retreats 6 | . 1 5 Traps | -11 -10 -10 ------- Run | Yrd Mat Sub Traps Triggered 7 | . 4 3 Indirectly . | . . . Trap Hack Attempts . | . . . Triggered . | . . . Disarmed . | . . . Reprogrammed . | . . . Reused . | . . . Traps Extracted . | . . . Installed . | . . . Triggered . | . . . Machines | -11 -10 -10 ---------- Run | Yrd Mat Sub Machines Disabled 4 | . 1 3 Max in Single Turn 1 | . 1 1 Machines Repaired . | . . . Machines Dismantled . | . . . Machines Sabotaged . | . . . Overloaded Fab Kills . | . . . Hacking | -11 -10 -10 --------- Run | Yrd Mat Sub Machines Accessed 10 | . 10 . Terminals 7 | . 7 . Fabricators . | . . . Repair Stations 1 | . 1 . Recycling Units 2 | . 2 . Scanalyzers . | . . . Garrison Access . | . . . Total Hacks 26 | . 26 . Successful 14 | . 14 . Failed 11 | . 11 . Catastrophic 2 | . 2 . Database Lockouts 1 | . 1 . Manual 14 | . 14 . Terminals 20 | . 20 . Fabricators . | . . . Repair Stations 4 | . 4 . Recycling Units 2 | . 2 . Scanalyzers . | . . . Garrison Access . | . . . Terminal Hacks 9 | . 9 . Record 3 | . 3 . Robot Analysis 2 | . 2 . Locate Traps 1 | . 1 . Dispatch Records 1 | . 1 . Recall Investigation 1 | . 1 . Zone Layout 1 | . 1 . Fabricator Hacks . | . . . Repair Station Hacks 4 | . 4 . Scan Component 2 | . 2 . Repair 2 | . 2 . Recycling Unit Hacks . | . . . Scanalyzer . | . . . Garrison Access Hacks . | . . . Unauthorized Hacks 1 | . 1 . Terminals . | . . . Fabricators . | . . . Repair Stations . | . . . Recycling Units 1 | . 1 . Tunnel 1 | . 1 . Scanalyzers . | . . . Garrison Access . | . . . Data Cores Recovered . | . . . Used . | . . . Hacking Detections 8 | . 8 . Full Trace Events 2 | . 2 . Feedback Events . | . . . Feedback Blocked . | . . . Robot Schematics Acquired . | . . . Robots Built . | . . . Authchips . | . . . Time . | . . . Total Robot Build Rating . | . . . Part Schematics Acquired . | . . . Parts Built . | . . . Authchips . | . . . Time . | . . . Total Part Build Rating . | . . . Parts Repaired 2 | . 2 . Time 52 | . 52 . Parts Recycled . | . . . Recycled Matter . | . . . Retrieved Matter . | . . . Retrieved Components . | . . . Parts Scanalyzed . | . . . Part Schematics Acquired . | . . . Parts Damaged . | . . . Bothacking | -11 -10 -10 ------------ Run | Yrd Mat Sub Used RIF Installer . | . . . Robots Hacked . | . . . Non-combat . | . . . Combat . | . . . Robot Hacks Applied . | . . . Relay Couplers Released . | . . . Fabnet Peak Effective % . | . . . Robots Rewired . | . . . Allies Hacked . | . . . Hacks Repelled . | . . . Allies | -11 -10 -10 -------- Run | Yrd Mat Sub Total Allies . | . . . Largest Group . | . . . Highest-Rated Group . | . . . Highest-Rated Ally . | . . . Total Orders . | . . . Ally Attacks . | . . . Total Damage . | . . . Kills . | . . . Allies Corrupted . | . . . Allies Melted . | . . . Intel | -11 -10 -10 ------- Run | Yrd Mat Sub Robot Analysis Total 2 | . 2 . Derelict Logs Recovered 1 | . . 1 Drone Launches . | . . . Drone Recoveries . | . . . Exploration | -11 -10 -10 ------------- Run | Yrd Mat Sub Turns Passed 5856 | 112 2642 3102 Spaces Moved 2913 | 53 1148 1712 Core 3 | 3 . . Treads 2910 | 50 1148 1712 Legs . | . . . Wheels . | . . . Hover . | . . . Flight . | . . . Fastest Speed 50 | 50 160 160 Average Speed 159 | 153 160 160 Slowest Speed 240 | 160 160 240 Overloaded Moves . | . . . Propulsion Burnouts . | . . . Robots Hopped . | . . . Cave-ins Triggered . | . . . Exploration Rate (%) 59 | 4 100 73 Regions Visited 2 Branch Regions 1 Pre-discovered Areas 1 | . 1 . Known Exits Taken . | . . . Unknown Exits Taken 2 | 1 1 . Scrap Searched 8 | . . 8 Spaces Dug . | . . . Terrain Destroyed 60 | . 5 55 Melee . | . . . Projectile 1 | . . 1 AOE 59 | . 5 54 Terrain Rammed . | . . . Walls Destroyed . | . . . Machines Disabled . | . . . Actions | -11 -10 -10 --------- Run | Yrd Mat Sub Total 3818 | 69 1823 1926 Wait 669 | . 584 85 Move 2912 | 53 1147 1712 Hop . | . . . Pick Up 19 | 4 10 5 Fast Attach 14 | 6 4 4 Attach 4 | . 1 3 Detach 1 | . . 1 Swap 17 | . 3 14 Drop 13 | . 4 9 Fire 143 | 6 64 73 Melee 8 | . . 8 Ram . | . . . Kick . | . . . Crush 6 | . 6 . Escape Stasis . | . . . Rewire . | . . . Trap . | . . . Miscellaneous 12 | . . 12 Route ------- -11/Scrapyard -10/Materials (discovered 5 exits: [*Mat x3] / [*Min] / [*Sub]) -10/Subcaves (discovered 2 exits: [*Mat] / [*Rec]) History --------- Turn | Location | Event 2 | -11/Scrapyard | Discovered new exit (range 16) 113 | -11/Scrapyard | Entered Materials 317 | -10/Materials | Build established: Mutant 689 | -10/Materials | Discovered new exit (range 14) 860 | -10/Materials | Central database locked down 1006 | -10/Materials | Discovered new exit (range 8) 1572 | -10/Materials | Repaired Lgt. Treads 1599 | -10/Materials | Repaired Lgt. Treads 1981 | -10/Materials | Discovered new exit (range 8) 2007 | -10/Materials | Discovered new exit (range 7) 2659 | -10/Materials | Discovered new exit (range 4) 2755 | -10/Materials | Entered Subcaves 3013 | -10/Subcaves | Shifting Twisted Machinery released Sub. Laser 3088 | -10/Subcaves | Shifting Twisted Machinery released Mak. Light Armor Plating 3107 | -10/Subcaves | Shifting Twisted Machinery released Piercing Trap 3816 | -10/Subcaves | Core integrity fell below 50% 4538 | -10/Subcaves | Ambushed by Subdwellers from Twisted Machinery 4643 | -10/Subcaves | A swath of the cavern ceiling suddenly collapsed 4863 | -10/Subcaves | Disturbed a concealed Subdweller 5185 | -10/Subcaves | Discovered new exit (range 15) 5495 | -10/Subcaves | Core integrity fell below 20% 5695 | -10/Subcaves | Discovered new exit (range 14) 5731 | -10/Subcaves | Learned Materials emergency access door positions 5808 | -10/Subcaves | A Subdweller sparked back to life 5808 | -10/Subcaves | A Subdweller sparked back to life 5808 | -10/Subcaves | A Subdweller sparked back to life 5836 | -10/Subcaves | Ambushed by Subdweller buried in earth 5857 | -10/Subcaves | Destroyed by TJ-9Z1(R) with Subdweller Laser Last Messages --------------- 05808_ EE-XY1(R) creaks and sparks as it begins to move. 05808_ S2-BZ2(R) creaks and sparks as it begins to move. 05808_ K0-V39(R) creaks and sparks as it begins to move. 05811_ K0-V39(R) destroyed. 05817_ EE-XY1(R) destroyed. 05835_ S2-BZ2(R) knocked back. 05837_ TJ-9Z1(R): "GOODGOOD!" 05838_ Destroyed Scrap Shield. 05841_ S2-BZ2(R) suffers critical hit (Blast). 05841_ S2-BZ2(R) destroyed. 05843_ Scrap Shield destroyed. 05846_ Sub. Machine Gun shoots sparks and powers down. 05849_ Battle Cannon destroyed. 05850_ TJ-9Z1(R) suffers critical hit (Destroy). 05850_ Destroyed Sub. Power Source. 05855_ Lgt. Treads destroyed. Map ----- +----------------------------------------------------+ | ???????????????????????????????????????????? | | ???????????????????????????????????????????? | | ???????????????????????????????????????????? | | ???????????????????????????????????????????? | | ???????????????????????????????????????????? | | ???????????????????????????????????????????? | | ???????????????????????????????????????????? | | ???????????????????????????????????????????? | | ????????????????##??#####??????????????????? | | ???????????????## ?## #??????????????????? | | ???????????????# # #??????????????????? | | ???????????????? # #######????????????? | | ?????????????????? # #????????????? | | ???????????????????# #????????????? | | ???????????????????# #????????????? | | ????????????????????# = #????????????? | | ????????????????????## % #????????????? | | ?????????????????#### &[ $#????????????? | | ?????????????????# " #????????????? | | ?????????????????# #"###????????????? | | ???????????????### ##????????????????? | | ???????????????# && #????????????????? | | ???????????????# ###??????????????? | | ??????? ## ???# #??????????????? | | ?????? ## R ##?????????????? | | ?????? @;; #?????????????? | | ?????# ;##?????????????? | | ?????? ###### ;#??????????????? | | ?????? ??????# ;#??????????????? | | ??????? ????????# #??????????????? | | ?????? ?????????# ## #?????????????? | | ??????????????????## ## #?????????????? | | ???????????????????# ##### #?????????????? | | ?????????????????### ##??###?????????????? | | ????????????????## ## #???????????????? | | ????????????????# ##??????????????? | | ????????????????## #??????????????? | | ????????########?## #??????????????? | | ???????## #### #####??????????????? | | ???????# ## ###??????????????????? | | ?###???# ###????????????????????? | | ## ##??# ##??????????????????????? | | # #?### ### ##???????????????????????? | | ### # ########????????????????????????? | | ##?????????????????????????????? | | #?????????????????????????????? | | #### #??????????????????????????? | | # #???## ???????????????????????? | | # ##????? ????????????????????? | | ##????? ## ????????????????????? | +----------------------------------------------------+ Best States ------------- Heat Dissipation 25 Energy Generation 15 Energy Capacity 250 Matter Stores 300 Matter Capacity 300 Sight Range 16 Terrain Scan Density 10 Armor Coverage 800 Evasion (%) 40 Targeting Accuracy 5 Recoil Reduction 2 Item Schematics ----------------- None Robot Schematics ------------------ None Fabricated ------------ Nothing Alien Tech Used ----------------- None Achievements -------------- None Challenges ------------ None Game ------ Seed WarpWeaponsReactor Manual? 0 Play Time 00:16:50 Cumulative 303.8 hours Start 2024.03.26 @ 10:37:57 End 2024.03.26 @ 10:54:37 Sessions 1 Manual Loads 0 Difficulty Rogue Special Mode None Game No. 206 Rogue 206 Adventurer 0 Explorer 0 Win Type - Total 14 Types 9/1/1/1/1/0/0/1/0 Lore% 72 Gallery% 83 Achievement% 72 Wizard Run 0 Options --------- Layout 2 ASCII 0 Keyboard 1 Movement Numpad Keybinds 0 Fullscreen 2 Font 24/Smallcaps Map View 50x44 Zoom Use 0% Tactical HUD 1 Map Filters NONE Filters NONE Steam 1 RUN: d4f2beae-f678-4bf9-aaa4-2cdca64fd5c9